 Dungeon Crawl Stone Soup version 0.21-a0-525-ga34b322 (webtiles) character file.

9732 Amnesiac the Archer (level 11, -3/81 HPs)
             Began as a Mummy Arcane Marksman on Dec 7, 2017.
             Was a High Priest of Okawaru.
             Slain by a sixfirhy (10 damage)
             ... summoned by a kobold demonologist
             ... on level 10 of the Dungeon on Dec 8, 2017.
             The game lasted 00:28:25 (14064 turns).

Amnesiac the Archer (Mummy Arcane Marksman)        Turns: 14064, Time: 00:28:26

Health: -3/81      AC: 15    Str: 16    XL:     11   Next: 26%
Magic:  21/21      EV:  9    Int: 13    God:    Okawaru [*****.]
Gold:   766        SH:  0    Dex: 13    Spells: 16/23 levels left

rFire    . . .     SeeInvis .   b - +0 trident (venom)
rCold    + . .     Gourm    .   (no shield)
rNeg     + + +     Faith    .   D - +2 chain mail {rF+}
rPois    ∞         Spirit   .   t - +0 helmet
rElec    .         Reflect  .   v - +0 cloak
rCorr    .         Harm     .   e - +0 pair of gloves
MR       ++...                  (no boots)
Stlth    ..........             (no amulet)
HPRegen  0.23/turn              y - ring of protection from magic
MPRegen  0.17/turn              P - ring of stealth

@: no status effects
A: no food or potions, fire vulnerability, cold resistance 1, negative energy
resistance 3, torment resistance, unbreathing
a: Heroism, Finesse, Renounce Religion


You were on level 10 of the Dungeon.
You worshipped Okawaru.
Okawaru was extremely pleased with you.
You were not hungry.

You visited 2 branches of the dungeon, and saw 11 of its levels.

You collected 766 gold pieces.

Inventory:

Hand Weapons
 a - a +0 shortbow
 b - a +0 trident of venom (weapon)
 q - a +3 quarterstaff of chaos
 w - a +0 hunting sling
Missiles
 d - 204 arrows
 r - a throwing net
 s - 432 stones (quivered)
 u - 19 sling bullets
 A - 39 poisoned needles
Armour
 e - a +0 pair of gloves (worn)
 t - a +0 helmet (worn)
 v - a +0 cloak (worn)
 x - a +0 buckler
 D - a +2 chain mail of fire resistance (worn)
 H - the +0 leather armour "Juarreng" {rN+ Stlth+, unknown}
   (You took it off a gnoll on level 8 of the Dungeon)

   It protects you from negative energy.
   It makes you more stealthy.
 I - a +0 ring mail of cold resistance
 N - a +0 troll leather armour
Magical Staves
 m - an uncursed staff of air
Jewellery
 y - a ring of protection from magic (left hand)
 C - an uncursed ring of ice
 E - an uncursed ring of flight
 P - a ring of stealth (right hand)
Wands
 o - a wand of flame (69)
 B - a wand of digging (2)
 F - a wand of iceblast (11)
 L - a wand of random effects (18)
 M - a wand of paralysis (13)
Scrolls
 f - 9 scrolls of identify {!r, unknown}
 g - a scroll of immolation {!r, unknown}
 h - 3 scrolls of fog {!r, unknown}
 i - a scroll of fear {!r, unknown}
 j - 2 scrolls of blinking {!r, unknown}
 k - 5 scrolls of enchant weapon {!r, unknown}
 l - 8 scrolls of remove curse {!r}
 n - 3 scrolls of enchant armour {!r, unknown}
 p - 3 scrolls of amnesia {!r, unknown}
 z - 5 scrolls of teleportation {!r, unknown}
 G - 2 scrolls of magic mapping {!r, unknown}
 K - a scroll of summoning {!r, unknown}
Books
 c - a book of Debilitation

   Spells                             Type                      Level
   a - Corona                         Hexes                        1
   b - Slow                           Hexes                        2
   c - Inner Flame                    Hexes/Fire                   3
   d - Portal Projectile              Hexes/Translocation          3
   e - Cause Fear                     Hexes                        4
   f - Leda's Liquefaction            Hexes/Earth                  4
 O - a Young Poisoner's Handbook

   Spells                             Type                      Level
   a - Sting                          Conjuration/Poison           1
   b - Poisonous Vapours              Poison/Air                   2
   c - Mephitic Cloud                 Conjuration/Poison/Air       3
   d - Olgreb's Toxic Radiance        Poison                       4
   e - Venom Bolt                     Conjuration/Poison           5


   Skills:
 + Level 6.3 Fighting
 * Level 8.0 Bows
 + Level 5.2 Armour
 + Level 5.2 Dodging
 + Level 6.8 Spellcasting
 * Level 7.4 Hexes
 + Level 4.4 Invocations


You had 16 spell levels left.
You knew the following spells:

 Your Spells              Type           Power        Failure   Level  Hunger
a - Corona                Hex            ###....      11%         1    N/A
b - Cause Fear            Hex            ###.......   73%         4    N/A
e - Slow                  Hex            ###.....     17%         2    N/A

Dungeon Overview and Level Annotations

Branches:
Dungeon (10/15)            Temple (1/1) D:5            Lair (0/6) D:9
    Orc (0/2) D:9

Altars:
Ashenzari
Dithmenos
Elyvilon
Fedhas
Makhleb
Nemelex Xobeh
Okawaru
Ru
Trog
Uskayaw
Vehumet
Wu Jian
Xom
Yredelemnul
Zin
The Shining One
Beogh

Shops:
D:6 :


Innate Abilities, Weirdness & Mutations

You do not eat or drink.
Your flesh is vulnerable to fire.
You are immune to poison.
Your flesh is cold resistant. (rC+)
You are immune to negative energy. (rN+++)
You are immune to unholy pain and torment.
You can survive without breathing.


Message History

You closely miss the kobold demonologist.
The kobold demonologist casts a spell.
You closely miss the kobold demonologist.
The kobold demonologist gestures wildly while chanting.
The kobold demonologist hits you but does no damage.
You hit the kobold demonologist.
The kobold demonologist is poisoned.
The kobold demonologist is lightly wounded.
The crimson imp blinks!
The kobold demonologist barely misses you.
You miss the kobold demonologist.
The kobold demonologist is lightly wounded.
The kobold demonologist gestures wildly while chanting.
You hit the kobold demonologist.
The kobold demonologist looks as sick as possible!
The kobold demonologist is lightly wounded.
The kobold demonologist hits you but does no damage. x2
You hit the kobold demonologist.
The kobold demonologist looks as sick as possible!
The kobold demonologist is moderately wounded.
The sixfirhy barely misses you.
The sixfirhy hits you but does no damage.
The kobold demonologist hits you but does no damage.
You hit the kobold demonologist.
The kobold demonologist looks as sick as possible!
The kobold demonologist is heavily wounded.
The sixfirhy misses you. The sixfirhy barely misses you. The sixfirhy hits you.
The sixfirhy shocks you!
The sixfirhy hits you but does no damage.
The sixfirhy barely misses you.
The kobold demonologist hits you but does no damage.
The shadow imp lashes its tail.
You closely miss the kobold demonologist.
The kobold demonologist is heavily wounded.
The sixfirhy hits you. The sixfirhy shocks you!
The kobold demonologist hits you but does no damage. x2
You closely miss the kobold demonologist.
The kobold demonologist is heavily wounded.
The crimson imp blinks!
The kobold demonologist hits you with a dagger.
You completely miss the kobold demonologist.
The kobold demonologist is heavily wounded.
The sixfirhy barely misses you.
The sixfirhy hits you but does no damage.
The sixfirhy hits you!
* * * LOW HITPOINT WARNING * * *
The sixfirhy shocks you!
* * * LOW HITPOINT WARNING * * *
The sixfirhy closely misses you. The sixfirhy hits you.
* * * LOW HITPOINT WARNING * * *
The sixfirhy shocks you!
* * * LOW HITPOINT WARNING * * *
The crimson imp blinks!
The kobold demonologist closely misses you.
Unknown command.
Okay, then.
The sixfirhy hits you but does no damage. x2
The kobold demonologist looks satisfied for a moment.
The sixfirhy hits you but does no damage.
The sixfirhy hits you.
* * * LOW HITPOINT WARNING * * *
The sixfirhy shocks you!
* * * LOW HITPOINT WARNING * * *
The sixfirhy hits you!
You die...

.#####......#
............#
............#
####........#
#........#######
#...............
###...............
#..............>..
######@##...##+####....
#......3.K........#...#
#...#######5......#...'
#..####5.55#......#...#
#.##.##...5#.+#####...#
#.8...#._..#..........#
##.....#..§.#...........
#......#....#...........
#..8...#._..#..........#


You could see a kobold demonologist, a sixfirhy and a crimson imp.

Vanquished Creatures
  An ettin (D:10)
  3 two-headed ogres
  Psyche (D:8)
  2 trolls
  3 hippogriffs
  6 yaks (D:9)
  A naga (shapeshifter) (D:10)
  Edmund (D:5)
  A water moccasin (D:9)
  6 orc warriors
  A sky beast (D:8)
  4 ice beasts
  A black bear (D:8)
  A phantom (D:6)
  6 ogres
  2 centaurs
  A big kobold (D:10)
  2 bullfrogs (D:6)
  A gnoll sergeant (D:8)
  4 scorpions
  5 killer bees
  7 wights
  A howler monkey (D:6)
  A bullfrog zombie (D:5)
  7 crimson imps
  4 hounds
  A centaur skeleton (D:8)
  A quasit (D:10)
  2 jellies
  A bullfrog skeleton (D:10)
  10 orc priests
  Crazy Yiuf (D:2)
  7 orc wizards
  3 iguanas
  10 worker ants
  Ijyb (D:4)
  2 hound zombies
  A hound skeleton (D:4)
  A howler monkey skeleton (D:6)
  10 gnolls
  10 adders
  A shadow imp (D:9)
  An ooze (D:1)
  2 adder zombies
  3 worms
  3 dart slugs
  4 leopard geckos
  42 orcs
  3 giant cockroaches
  8 goblins
  6 hobgoblins
  8 jackals
  3 quokkas
  6 bats
  8 frilled lizards
  A jackal skeleton (D:2)
  8 kobolds
  A leopard gecko skeleton (D:4)
  A leopard gecko zombie (D:6)
  A quokka zombie (D:6)
  11 rats
255 creatures vanquished.

Notes
Turn   | Place    | Note
-------+----------+-------------------------------------------
     0 | D:1      | Amnesiac the Mummy Arcane Marksman began the quest for the Orb.
     0 | D:1      | Reached XP level 1. HP: 15/15 MP: 2/2
   211 | D:1      | Reached XP level 2. HP: 10/21 MP: 2/4
   306 | D:1      | Learned a level 2 spell: Slow
   508 | D:1      | Reached skill level 1 in Armour
  1043 | D:2      | Reached XP level 3. HP: 26/27 MP: 3/5
  1099 | D:2      | Found a shattered altar of Ashenzari.
  1539 | D:2      | Found a runed door.
  1543 | D:2      | Noticed Crazy Yiuf
  2053 | D:2      | Killed Crazy Yiuf
  2053 | D:2      | Reached XP level 4. HP: 27/33 MP: 6/8
  2309 | D:3      | Reached skill level 2 in Bows
  2460 | D:3      | Reached skill level 3 in Bows
  2460 | D:3      | Reached XP level 5. HP: 10/38 MP: 1/9
  2990 | D:3      | Found a glowing golden altar of the Shining One.
  3033 | D:3      | Noticed an angel
  3034 | D:3      | Found a glowing silver altar of Zin.
  3271 | D:4      | Noticed an ogre
  3829 | D:2      | Killed an ogre
  3829 | D:2      | Reached XP level 6. HP: 45/45 MP: 2/10
  3950 | D:4      | Found a burning altar of Makhleb.
  4101 | D:4      | Reached skill level 4 in Bows
  4115 | D:4      | Noticed Ijyb
  4165 | D:4      | Killed Ijyb
  4227 | D:4      | Found a sparkling altar of Nemelex Xobeh.
  4228 | D:4      | Found a bloodstained altar of Trog.
  4898 | D:4      | Found a roughly hewn altar of Beogh.
  4916 | D:4      | Reached XP level 7. HP: 39/51 MP: 4/11
  5355 | D:5      | Entered Level 5 of the Dungeon
  5385 | D:5      | Found a staircase to the Ecumenical Temple.
  5391 | Temple   | Entered the Ecumenical Temple
  5451 | Temple   | Became a worshipper of Warmaster Okawaru
  5570 | D:5      | Found a burning altar of Makhleb.
  5619 | D:5      | Noticed Edmund
  5664 | D:5      | Killed Edmund
  5664 | D:5      | Reached skill level 5 in Bows
  5706 | D:5      | Learned a level 4 spell: Cause Fear
  6153 | D:5      | Reached XP level 8. HP: 55/60 MP: 12/12
  6179 | D:5      | Found a shadowy altar of Dithmenos.
  6568 | D:6      | Reached * piety under Okawaru
  6571 | D:6      | Found Gogabey's Book Shop.
  6883 | D:6      | Reached skill level 1 in Invocations
  7653 | D:7      | Noticed a hippogriff
  7800 | D:6      | Killed a hippogriff
  8059 | D:7      | Reached ** piety under Okawaru
  8059 | D:7      | Reached XP level 9. HP: 59/66 MP: 15/15
  8209 | D:7      | Reached skill level 6 in Bows
  8575 | D:7      | Reached skill level 5 in Hexes
  9448 | D:8      | Found a sacrificial altar of Ru.
  9615 | D:8      | You fall through a shaft for 2 floors!
  9615 | D:10     | Entered Level 10 of the Dungeon
  9658 | D:10     | Reached skill level 5 in Fighting
  9763 | D:10     | Reached *** piety under Okawaru
  9851 | D:10     | Reached skill level 5 in Spellcasting
  9939 | D:10     | Noticed a troll
  9961 | D:10     | Killed a troll
 10244 | D:9      | Found a roughly hewn altar of Beogh.
 10323 | D:9      | HP: 1/68 [orc warrior/glaive (22)]
 10660 | D:10     | Reached XP level 10. HP: 63/74 MP: 17/17
 10741 | D:9      | Noticed a two-headed ogre
 10784 | D:10     | Killed a two-headed ogre
 10784 | D:10     | Received a gift from Okawaru
 10866 | D:9      | Reached skill level 7 in Bows
 11306 | D:9      | Found a staircase to the Lair.
 11502 | D:9      | Reached **** piety under Okawaru
 12253 | D:9      | Found a staircase to the Orcish Mines.
 12312 | D:9      | Found an ornate altar of the Wu Jian Council.
 12323 | D:9      | Noticed a two-headed ogre
 12349 | D:9      | Killed a two-headed ogre
 12349 | D:9      | Reached ***** piety under Okawaru
 12638 | D:8      | Noticed Psyche
 12798 | D:8      | Reached skill level 5 in Dodging
 12833 | D:8      | Noticed a two-headed ogre
 13092 | D:8      | Killed a two-headed ogre
 13092 | D:8      | Reached skill level 5 in Armour
 13092 | D:8      | Reached XP level 11. HP: 70/81 MP: 13/20
 13168 | D:8      | Killed Psyche
 13557 | D:8      | Got a shimmering leather armour
 13855 | D:10     | Noticed an ettin
 13897 | D:10     | Killed an ettin
 13897 | D:10     | Reached skill level 8 in Bows
 14014 | D:10     | Found a shimmering altar of Xom.
 14014 | D:10     | Found a hide-covered altar of Uskayaw.
 14054 | D:10     | Noticed a sixfirhy
 14064 | D:10     | Slain by a sixfirhy

Vault maps used:
D:1:      scummos_arrival_gate, serial_forest, infiniplex_forest_end_3,
          infiniplex_forest_straight_4, infiniplex_forest_clump_medium,
          infiniplex_forest_end_2, infiniplex_forest_lined_room_3
D:2:      nicolae_overflow_hidden_temple, dk_noncrumbling_2,
          uniq_crazy_yiuf_cottage
D:3:      zin_angel, lemuel_round_altar, first_bread
D:4:      cheibrodos_old_hovel, lemuel_doored_altar,
          gammafunk_temple_overflow_statue, kennysheep_orc_chapel, uniq_ijyb
D:5:      kennysheep_mini_moat, temple_green, bloody_makhleb, uniq_edmund
D:6:      serial_shops, nicolae_shop_crystal
D:7:      grunt_ogre_cave
D:8:      overflow_temple_1_default, kennysheep_generic_room_7, uniq_psyche
D:9:      lemuel_crystal_altar, lair_entry_dummy, david_orc_5,
          corexii_corridor_pit
D:10:     serial_park_tiny_1, minmay_misc_feat_secret_circle,
          jmf_multi_god_temple
Temple:   oiseaux_autumnal_temple

Skill      XL: |  1  2  3  4  5  6  7  8  9 10 11 |
---------------+----------------------------------+-----
Armour         | 1 2 3 4 5 |  5.2
Fighting       | 2 3 4 5 6 |  6.3
Spellcasting   | 2 3 4 5 6 |  6.8
Hexes          | 3 4 5 7 |  7.4
Bows           | 3 4 5 6 7 8 |  8.0
Dodging        | 2 3 4 5 |  5.2
Invocations    | 1 3 4 |  4.4

Action                   |  1- 3 |  4- 6 |  7- 9 | 10-12 || total
-------------------------+-------+-------+-------+-------++-------
Melee: Unarmed           |    12 |       |       |       ||    12
       Short sword       |    48 |       |       |       ||    48
       Trident           |    61 |     2 |   549 |   421 ||  1033
       Quarterstaff      |       |       |    17 |       ||    17
 Fire: Shortbow          |     3 |    42 |    57 |       ||   102
       Hunting sling     |       |   199 |    70 |       ||   269
 Cast: Corona            |    30 |    38 |     8 |    21 ||    97
       Slow              |       |    30 |    10 |    35 ||    75
  Use: Scroll            |       |       |     1 |       ||     1
 Stab: Invisible         |     2 |       |       |       ||     2
Armor: Robe              |    22 |       |       |       ||    22
       Ring mail         |    18 |    59 |    42 |       ||   119
       Chain mail        |       |       |   389 |   291 ||   680
Dodge: Dodged            |    67 |    88 |   269 |   239 ||   663

Table legend:
 A = Spawn XP
 B = Non-spawn XP
 C = Spawn XP percentage of total XP
 D = Spawn monster count
 E = Non-spawn monster count
 F = Spawn count percentage of total count
 G = Total turns spent on level
                    A         B        C        D         E        F      G
               +---------+---------+-------+---------+---------+-------+---------
         Total |       0 |   13903 |   0.0 |       0 |     255 |   0.0 | 14064
               +---------+---------+-------+---------+---------+-------+---------
           D:1 |       0 |      35 |   0.0 |       0 |      18 |   0.0 |  1089
           D:2 |       0 |     180 |   0.0 |       0 |      18 |   0.0 |  1450
           D:3 |       0 |     246 |   0.0 |       0 |      32 |   0.0 |  1529
           D:4 |       0 |     509 |   0.0 |       0 |      35 |   0.0 |  1287
           D:5 |       0 |     379 |   0.0 |       0 |      11 |   0.0 |   884
           D:6 |       0 |    1068 |   0.0 |       0 |      18 |   0.0 |  1391
           D:7 |       0 |    1339 |   0.0 |       0 |      27 |   0.0 |  1625
           D:8 |       0 |    2921 |   0.0 |       0 |      28 |   0.0 |  1298
           D:9 |       0 |    3984 |   0.0 |       0 |      46 |   0.0 |  1959
          D:10 |       0 |    3148 |   0.0 |       0 |      20 |   0.0 |  1463
        Temple |       0 |      94 |   0.0 |       0 |       2 |   0.0 |    89
               +---------+---------+-------+---------+---------+-------+---------
